 Dungeon Crawl Stone Soup version 0.21-a0-349-g0c35859 (webtiles) character file.

330 tidbits the Charmwright (level 6, -2/56 HPs)
             Began as a Gnoll Skald on Oct 8, 2017.
             Slain by an unseen horror (4 damage)
             ... on level 6 of the Dungeon.
             The game lasted 00:08:54 (951 turns).

tidbits the Charmwright (Gnoll Skald)                Turns: 951, Time: 00:08:54

Health: -2/56      AC:  3    Str: 15      XL:     6   Next: 51%
Magic:  1/14       EV: 14    Int: 15 (16) God:
Gold:   87         SH:  4    Dex: 14      Spells: 4/15 levels left

rFire    . . .     SeeInvis .   a - +0 hand axe
rCold    . . .     Gourm    .   (no shield)
rNeg     . . .     Faith    .   b - +0 leather armour
rPois    .         Spirit   .   (no helmet)
rElec    .         Reflect  +   (no cloak)
rCorr    .         Harm     .   (no gloves)
MR       .....                  (no boots)
Stlth    ++........             m - +4 amulet of reflection
HPRegen  0.18/turn              (no ring)
MPRegen  0.14/turn              (no ring)

@: about to teleport
A: distributed training, fangs 1, mutation resistance 1, robust 1, strong nose
a: no special abilities


You were on level 6 of the Dungeon.
You were not hungry.

You visited 1 branch of the dungeon, and saw 6 of its levels.

You collected 87 gold pieces.

Inventory:

Hand Weapons
 a - a +0 hand axe (weapon)
 w - a +0 halberd
 x - a +0 flail
Missiles
 j - 11 sling bullets
 s - 41 stones (quivered)
 u - 22 arrows
Armour
 b - a +0 leather armour (worn)
Jewellery
 m - a +4 amulet of reflection (around neck)
   (You found it on level 1 of the Dungeon)
Scrolls
 e - 2 scrolls of amnesia {unknown}
 g - a scroll of fog {unknown}
 h - 2 scrolls of identify {unknown}
 i - 2 scrolls of enchant armour {unknown}
 k - a scroll of random uselessness {unknown}
 n - a scroll of recharging {unknown}
 o - a scroll of silence {unknown}
 p - 2 scrolls of teleportation
 q - a scroll of magic mapping {unknown}
 r - a scroll of remove curse {unknown}
Potions
 f - a potion of haste
Books
 c - a book of Battle

   Spells                             Type                      Level
   a - Infusion                       Charms                       1
   b - Shroud of Golubria             Charms/Translocation         2
   c - Song of Slaying                Charms                       2
   d - Spectral Weapon                Hexes/Charms                 3
   e - Regeneration                   Charms/Necromancy            3
Comestibles
 d - 4 bread rations
 l - 4 fruits
 t - a meat ration


   Skills:
 + Level 5.0 Fighting
 + Level 2.0 Short Blades
 + Level 2.0 Long Blades
 + Level 5.0 Axes
 + Level 2.0 Maces & Flails
 + Level 2.0 Polearms
 + Level 2.0 Staves
 + Level 2.0 Slings
 + Level 2.0 Bows
 + Level 2.0 Crossbows
 + Level 2.0 Throwing
 + Level 3.2 Armour
 + Level 5.0 Dodging
 + Level 2.0 Stealth
 + Level 2.0 Shields
 + Level 2.0 Unarmed Combat
 + Level 5.3 Spellcasting
 + Level 2.0 Conjurations
 + Level 2.0 Hexes
 + Level 6.8 Charms
 + Level 2.0 Summonings
 + Level 2.0 Necromancy
 + Level 2.0 Translocations
 + Level 2.0 Transmutations
 + Level 2.0 Fire Magic
 + Level 2.0 Ice Magic
 + Level 2.0 Air Magic
 + Level 2.0 Earth Magic
 + Level 2.0 Poison Magic
 + Level 2.0 Invocations
 + Level 2.0 Evocations


You had 4 spell levels left.
You knew the following spells:

 Your Spells              Type           Power        Failure   Level  Hunger
g - Shroud of Golubria    Chrm/Tloc      ###.......   4%          2    #......
i - Infusion              Chrm           ###.         1%          1    None
r - Regeneration          Chrm/Necr      ###.......   10%         3    ###....
w - Spectral Weapon       Hex/Chrm       ###.....     10%         3    ###....
y - Song of Slaying       Chrm           ###.....     1%          2    #......


Dungeon Overview and Level Annotations

Branches:
Dungeon (6/15)
 Temple: D:4-7

Altars:

Annotations:
D:3 Sigmund


Innate Abilities, Weirdness & Mutations

Your experience applies equally to all skills.
You have very sharp teeth.
Your uncanny sense of smell can sniff out nearby items.
You are somewhat resistant to further mutation.
You are robust. (+10% HP)


Message History

Your spectral weapon hits the eye of draining.
Your spectral weapon hits something but does no damage.
Something barely misses you.
The crimson imp lashes its tail.
You hit the eye of draining but do no damage.
You bite the eye of draining, but do no damage.
The eye of draining is lightly wounded.
Your spectral weapon hits the eye of draining.
Your spectral weapon closely misses something.
Something completely misses you. The eye of draining gazes at you.
You feel your power leaking away.
You hit the eye of draining.
The eye of draining is moderately wounded.
You hit something but do no damage.
Your spectral weapon hits the eye of draining.
Your spectral weapon hits something but does no damage.
Something barely misses you.
You hit the eye of draining but do no damage.
The eye of draining is heavily wounded.
You closely miss the crimson imp.
Your spectral weapon hits the eye of draining.
Your spectral weapon hits the crimson imp but does no damage.
Something hits you.
* * * LOW HITPOINT WARNING * * *
The crimson imp hits your spectral weapon.
Something hits your spectral weapon!
Your spectral weapon shares its damage with you!
* * * LOW HITPOINT WARNING * * *
The eye of draining gazes at you.
Unknown command.
You closely miss something. You hit the eye of draining.
You hit the crimson imp. Something hits you.
* * * LOW HITPOINT WARNING * * *
Something hits you.
* * * LOW HITPOINT WARNING * * *
The crimson imp misses you.
Unknown command.
You hit the eye of draining.
The eye of draining is severely wounded.
You hit something. You closely miss the crimson imp.
Your skin stops crawling.
Your spectral weapon hits the eye of draining.
Your spectral weapon hits something.
Your spectral weapon barely misses the crimson imp.
Something hits you but does no damage. Something hits your spectral weapon.
Your spectral weapon shares its damage with you!
* * * LOW HITPOINT WARNING * * *
The crimson imp hits you.
* * * LOW HITPOINT WARNING * * *
You hit the eye of draining.
You bite the eye of draining, but do no damage.
The eye of draining is almost dead.
You hit the crimson imp.
Your spectral weapon hits the eye of draining.
You kill the eye of draining!
You feel your strength returning.
Your Fighting skill increases to level 5!
Your Short Blades skill increases to level 2!
Your Long Blades skill increases to level 2!
Your Axes skill increases to level 5!
Your Maces & Flails skill increases to level 2!
Your Polearms skill increases to level 2!
Your Staves skill increases to level 2!
Your Slings skill increases to level 2!
Your Bows skill increases to level 2!
Your Crossbows skill increases to level 2!
Your Throwing skill increases to level 2!
Your Dodging skill increases to level 5!
Your Stealth skill increases to level 2!
Your Shields skill increases to level 2!
Your Unarmed Combat skill increases to level 2!
Your Conjurations skill increases to level 2!
Your Hexes skill increases to level 2!
Your Summonings skill increases to level 2!
Your Necromancy skill increases to level 2!
Your Translocations skill increases to level 2!
Your Transmutations skill increases to level 2!
Your Fire Magic skill increases to level 2!
Your Ice Magic skill increases to level 2!
Your Air Magic skill increases to level 2!
Your Earth Magic skill increases to level 2!
Your Poison Magic skill increases to level 2!
Your Invocations skill increases to level 2!
Your Evocations skill increases to level 2!
Your spectral weapon barely misses the crimson imp.
Your spectral weapon barely misses something.
Something hits you but does no damage. The crimson imp barely misses you.
Something hits your spectral weapon!
Your spectral weapon shares its damage with you!
Your spectral weapon fades away.
* * * LOW HITPOINT WARNING * * *
You closely miss the crimson imp.
The crimson imp is lightly wounded.
Something barely misses you. The crimson imp barely misses you.
Something hits you!
* * * LOW HITPOINT WARNING * * *
The crimson imp blinks!
As you read the scroll of teleportation, it crumbles to dust.
You feel strangely unstable. Something hits you.
You die...

...............##
................#
................#
............5..#
#..............#
#%............#
#....{.......#
#..@.<....#
##......###
########


You could see a crimson imp.

Vanquished Creatures
  An eye of draining (D:6)
  A howler monkey (D:5)
  Jessica (D:2)
  An iguana (D:4)
  2 worker ants
  4 gnolls (D:5)
  3 adders (D:2)
  A worm (D:2)
  2 dart slugs
  2 leopard geckos
  6 bats
  3 giant cockroaches
  2 goblins (D:2)
  2 hobgoblins (D:1)
  2 jackals (D:4)
  4 kobolds
  2 quokkas (D:2)
  4 rats
43 creatures vanquished.

Vanquished Creatures (others)
  A spectral weapon (D:6)
1 creature vanquished.

Grand Total: 44 creatures vanquished

Notes
Turn   | Place    | Note
-------+----------+-------------------------------------------
     0 | D:1      | tidbits the Gnoll Skald began the quest for the Orb.
     0 | D:1      | Reached XP level 1. HP: 20/20 MP: 6/6
    41 | D:1      | Reached XP level 2. HP: 17/26 MP: 0/7
    45 | D:1      | Learned a level 2 spell: Song of Slaying
    48 | D:1      | Learned a level 2 spell: Shroud of Golubria
   178 | D:2      | Reached XP level 3. HP: 31/31 MP: 0/9
   183 | D:2      | Learned a level 3 spell: Regeneration
   187 | D:2      | Learned a level 3 spell: Spectral Weapon
   199 | D:3      | Noticed Sigmund
   236 | D:2      | Reached skill level 5 in Spellcasting
   319 | D:2      | Noticed Jessica
   326 | D:2      | Killed Jessica
   326 | D:2      | Reached skill level 1 in Short Blades
   326 | D:2      | Reached skill level 1 in Long Blades
   326 | D:2      | Reached skill level 1 in Maces & Flails
   326 | D:2      | Reached skill level 1 in Polearms
   326 | D:2      | Reached skill level 1 in Staves
   326 | D:2      | Reached skill level 1 in Slings
   326 | D:2      | Reached skill level 1 in Bows
   326 | D:2      | Reached skill level 1 in Crossbows
   326 | D:2      | Reached skill level 1 in Throwing
   326 | D:2      | Reached skill level 1 in Stealth
   326 | D:2      | Reached skill level 1 in Shields
   326 | D:2      | Reached skill level 1 in Unarmed Combat
   326 | D:2      | Reached skill level 1 in Conjurations
   326 | D:2      | Reached skill level 1 in Hexes
   326 | D:2      | Reached skill level 1 in Summonings
   326 | D:2      | Reached skill level 1 in Necromancy
   326 | D:2      | Reached skill level 1 in Translocations
   326 | D:2      | Reached skill level 1 in Transmutations
   326 | D:2      | Reached skill level 1 in Fire Magic
   326 | D:2      | Reached skill level 1 in Ice Magic
   326 | D:2      | Reached skill level 1 in Air Magic
   326 | D:2      | Reached skill level 1 in Earth Magic
   326 | D:2      | Reached skill level 1 in Poison Magic
   326 | D:2      | Reached skill level 1 in Invocations
   326 | D:2      | Reached skill level 1 in Evocations
   366 | D:2      | Reached XP level 4. HP: 37/38 MP: 6/11
   616 | D:4      | Reached XP level 5. HP: 36/43 MP: 3/12
   681 | D:5      | Entered Level 5 of the Dungeon
   704 | D:5      | Reached skill level 3 in Armour
   708 | D:5      | Gained mutation: You are somewhat resistant to further mutation. [potion of mutation]
   708 | D:5      | Gained mutation: You are robust. (+10% HP) [potion of mutation]
   713 | D:5      | HP: 4/47 [poisoned by a worker ant]
   721 | D:5      | HP: 2/47 [poisoned by a worker ant]
   729 | D:5      | HP: 2/47 [poisoned by a worker ant]
   899 | D:5      | Reached XP level 6. HP: 30/55 MP: 6/13
   939 | D:6      | Noticed an eye of draining
   948 | D:6      | Killed an eye of draining
   948 | D:6      | Reached skill level 5 in Fighting
   948 | D:6      | Reached skill level 2 in Short Blades
   948 | D:6      | Reached skill level 2 in Long Blades
   948 | D:6      | Reached skill level 5 in Axes
   948 | D:6      | Reached skill level 2 in Maces & Flails
   948 | D:6      | Reached skill level 2 in Polearms
   948 | D:6      | Reached skill level 2 in Staves
   948 | D:6      | Reached skill level 2 in Slings
   948 | D:6      | Reached skill level 2 in Bows
   948 | D:6      | Reached skill level 2 in Crossbows
   948 | D:6      | Reached skill level 2 in Throwing
   948 | D:6      | Reached skill level 5 in Dodging
   948 | D:6      | Reached skill level 2 in Stealth
   948 | D:6      | Reached skill level 2 in Shields
   948 | D:6      | Reached skill level 2 in Unarmed Combat
   948 | D:6      | Reached skill level 2 in Conjurations
   948 | D:6      | Reached skill level 2 in Hexes
   948 | D:6      | Reached skill level 2 in Summonings
   948 | D:6      | Reached skill level 2 in Necromancy
   948 | D:6      | Reached skill level 2 in Translocations
   948 | D:6      | Reached skill level 2 in Transmutations
   948 | D:6      | Reached skill level 2 in Fire Magic
   948 | D:6      | Reached skill level 2 in Ice Magic
   948 | D:6      | Reached skill level 2 in Air Magic
   948 | D:6      | Reached skill level 2 in Earth Magic
   948 | D:6      | Reached skill level 2 in Poison Magic
   948 | D:6      | Reached skill level 2 in Invocations
   948 | D:6      | Reached skill level 2 in Evocations
   950 | D:6      | HP: 2/56 [something (9)]
   951 | D:6      | Slain by an unseen horror

Vault maps used:
D:1:      dpeg_arrival_renting
D:2:      uniq_crazy_yiuf_cottage, uniq_jessica
D:3:      uniq_sigmund
D:5:      first_bread
D:6:      minmay_temple_entry_glassed_door

Skill      XL: |  1  2  3  4  5  6 |
---------------+-------------------+-----
Spellcasting   | 5 |  5.3
Short Blades   | 1 2 |  2.0
Long Blades    | 1 2 |  2.0
Maces & Flails | 1 2 |  2.0
Polearms       | 1 2 |  2.0
Staves         | 1 2 |  2.0
Slings         | 1 2 |  2.0
Bows           | 1 2 |  2.0
Crossbows      | 1 2 |  2.0
Throwing       | 1 2 |  2.0
Stealth        | 1 2 |  2.0
Shields        | 1 2 |  2.0
Unarmed Combat | 1 2 |  2.0
Conjurations   | 1 2 |  2.0
Hexes          | 1 2 |  2.0
Summonings     | 1 2 |  2.0
Necromancy     | 1 2 |  2.0
Translocations | 1 2 |  2.0
Transmutations | 1 2 |  2.0
Fire Magic     | 1 2 |  2.0
Ice Magic      | 1 2 |  2.0
Air Magic      | 1 2 |  2.0
Earth Magic    | 1 2 |  2.0
Poison Magic   | 1 2 |  2.0
Invocations    | 1 2 |  2.0
Evocations     | 1 2 |  2.0
Armour         | 3 |  3.2
Fighting       | 5 |  5.0
Axes           | 5 |  5.0
Dodging        | 5 |  5.0
Charms         | |  6.8

Action                   |  1- 3 |  4- 6 || total
-------------------------+-------+-------++-------
Melee: Hand axe          |    32 |    76 ||   108
       Bite              |     5 |    10 ||    15
Throw: Stone             |       |     1 ||     1
 Cast: Infusion          |     8 |     2 ||    10
       Spectral Weapon   |     1 |    12 ||    13
       Regeneration      |       |     5 ||     5
       Shroud of Golubri |       |     2 ||     2
  Use: Potion            |       |     3 ||     3
       Scroll            |       |     2 ||     2
 Stab: Sleeping          |     1 |       ||     1
       Distracted        |       |     2 ||     2
  Eat: Chunk             |       |     2 ||     2
Armor: Leather armour    |     8 |     7 ||    15
Dodge: Dodged            |    33 |    50 ||    83
Block: Other             |     2 |     9 ||    11

Table legend:
 A = Spawn XP
 B = Non-spawn XP
 C = Spawn XP percentage of total XP
 D = Spawn monster count
 E = Non-spawn monster count
 F = Spawn count percentage of total count
 G = Total turns spent on level
                    A         B        C        D         E        F      G
               +---------+---------+-------+---------+---------+-------+---------
         Total |       0 |     472 |   0.0 |       0 |      43 |   0.0 |   951
               +---------+---------+-------+---------+---------+-------+---------
           D:1 |       0 |      19 |   0.0 |       0 |      10 |   0.0 |   170
           D:2 |       0 |     109 |   0.0 |       0 |      18 |   0.0 |   348
           D:3 |       0 |       5 |   0.0 |       0 |       3 |   0.0 |   115
           D:4 |       0 |      75 |   0.0 |       0 |       4 |   0.0 |    48
           D:5 |       0 |     146 |   0.0 |       0 |       7 |   0.0 |   256
           D:6 |       0 |     118 |   0.0 |       0 |       1 |   0.0 |    14
               +---------+---------+-------+---------+---------+-------+---------

Table legend:
 A = Turns spent in this place as a percentage of turns spent in the entire game.
 B = Non-inter-level travel turns spent in this place as a percentage of non-inter-level travel turns spent in the entire game.
 C = Inter-level travel turns spent in this place as a percentage of turns spent in this place.
 D = Turns resting spent in this place as a percentage of non-inter-level travel turns spent in this place.
 E = Turns spent auto-exploring this place as a percentage of non-inter-level travel turns spent in this place.
 F = Non-inter-level travel turns spent in this place divided by the number of levels of this place that you've seen.
                   A       B       C       D       E      F
               +-------+-------+-------+-------+-------+----------------------
         Total | 100.0 | 100.0 |   0.0 |   0.0 |   0.0 | 158.5
       Dungeon | 100.0 | 100.0 |   0.0 |   0.0 |   0.0 | 158.5
               +-------+-------+-------+-------+-------+----------------------

Table legend:
 A = Kills in this place as a percentage of kills in entire the game.
 B = Kills by you in this place as a percentage of kills by you in the entire game.
 C = Kills by friends in this place as a percentage of kills by friends in the entire game.
 D = Other kills in this place as a percentage of other kills in the entire game.
 E = Experience gained in this place as a percentage of experience gained in the entire game.
 F = Experience gained in this place divided by the number of levels of this place that you have seen.
                   A       B       C       D       E      F
               +-------+-------+-------+-------+-------+----------------------
         Total | 100.0 | 100.0 |   N/A |   N/A | 100.0 |  78.7
       Dungeon | 100.0 | 100.0 |   N/A |   N/A | 100.0 |  78.7
               +-------+-------+-------+-------+-------+----------------------

Vault maps used:
D:1:      dpeg_arrival_renting
D:2:      uniq_crazy_yiuf_cottage, uniq_jessica
D:3:      uniq_sigmund
D:5:      first_bread
D:6:      minmay_temple_entry_glassed_door
